 Dungeon Crawl Stone Soup version 0.17-a0-1880-gacf7e67 (webtiles) character file.

4790 glosham the Envoy of Void (level 10, 82/84 HPs)
             Began as a Ghoul Abyssal Knight on Nov 6, 2014.
             Was a High Priest of Lugonu.
             Quit the game on level 9 of the Dungeon on Sept 21, 2015.
             The game lasted 02:20:44 (8837 turns).

glosham the Envoy of Void (Ghoul Abyssal Knight)    Turns: 8837, Time: 02:20:44

Health: 82/84      AC: 19    Str: 20    XL:     10   Next: 47%
Magic:  17/17      EV: 10    Int:  9    God:    Lugonu [*****.]
Gold:   183        SH:  0    Dex:  9    Spells: 0 memorised, 9 levels left

rFire  . . .     SeeInvis +     a - +1 trident (protect)
rCold  + . .     Clarity  .     X - +3 ring mail of Vafasiex {Int+2 Dex+1}
rNeg   + + +     SustAt   +     (no shield)
rPois  ∞         Gourm    .     (no helmet)
rElec  .         Spirit   +     Y - +1 cloak
rCorr  .         Warding  .     V - +0 pair of gloves
rMut   .         Stasis   .     W - +2 pair of boots {run}
MR     .....                    z - amulet of guardian spirit
Stlth  ..........               B - ring of sustain attributes (curse)
                                A - ring of see invisible

@: rotting, quick, not resistant to hostile enchantments, extremely unstealthy
A: rotting body, claws 1, carnivore 3, cold resistance 1, negative energy
resistance 3, poison resistance, slow healing 1, torment resistance, unbreathing
a: Depart the Abyss, Bend Space, Banish, Corrupt, Enter the Abyss, Renounce
Religion


You were on level 9 of the Dungeon.
You worshipped Lugonu.
Lugonu was extremely pleased with you.
You were not hungry.

You visited 2 branches of the dungeon, and saw 10 of its levels.
You visited the Abyss 1 time.
You also visited: Ossuary.

You collected 534 gold pieces.
You spent 351 gold pieces at shops.

Inventory:

Hand weapons
 a - a +1 trident of protection (weapon)
 b - a +0 dagger of electrocution
 c - a +1 spear
 d - a +0 hunting sling
 e - a +2 flail of holy wrath
 i - a +0 war axe
 o - a +0 halberd
 t - a +2 flail of protection
 y - a +0 battleaxe
 G - a +1 dagger of speed
 N - a +1 flail of protection
Missiles
 g - 185 stones (quivered)
 q - 7 needles of frenzy
 r - 15 poisoned needles
 s - 86 sling bullets
 v - 17 sling bullets of flame
 D - 13 exploding sling bullets
 F - 10 tomahawks
 J - 2 curare-tipped needles
 M - 3 throwing nets
Armour
 u - the +0 scale mail of Trial and Error {rElec Int+2 SInv}
   (You found it on level 6 of the Dungeon)

   It affects your intelligence (+2).
   It insulates you from electricity.
   It lets you see invisible.
 V - a +0 pair of gloves (worn)
 W - a +2 pair of boots of running (worn)
 X - the +3 ring mail of Vafasiex (worn) {Int+2 Dex+1}
   (You bought it in a shop on level 4 of the Dungeon)

   It affects your intelligence (+2).
   It affects your dexterity (+1).
 Y - a +1 cloak (worn)
Magical staves
 w - an uncursed staff of wizardry {!a}
 L - an uncursed staff of poison
Jewellery
 z - an amulet of guardian spirit (around neck)
 A - a ring of see invisible (left hand)
 B - a cursed ring of sustain attributes (right hand)
 C - a +2 ring of intelligence
 I - an uncursed amulet of resist corrosion
Scrolls
 m - 2 scrolls of enchant armour
 n - 2 scrolls of remove curse
 p - a scroll of blinking
 x - 2 scrolls of teleportation
 E - 5 scrolls of immolation
 H - a scroll of amnesia
 P - 2 scrolls of torment {!r}
Potions
 f - a potion of flight
 k - 2 potions of brilliance
 l - 3 potions of curing
Comestibles
 h - 4 meat rations
 j - 4 chunks of flesh
 K - a beef jerky


   Skills:
 - Level 6.8 Fighting
 * Level 8.7 Polearms
 - Level 1.7 Armour
 - Level 0.8 Dodging
 * Level 11.6 Invocations


You had 9 spell levels left.
You didn't know any spells.

Dungeon Overview and Level Annotations

Branches:
Dungeon (9/15)             Temple (1/1) D:6
   Lair: D:8-11         Orc: D:9-12

Altars:
Ashenzari
Cheibriados
Dithmenos
Elyvilon
Fedhas
Gozag
Kikubaaqudgha
Makhleb
Nemelex Xobeh
Okawaru
Qazlal
Ru
Sif Muna
Trog
Vehumet
Xom
Yredelemnul
Zin
The Shining One

Shops:
D:4 [   D:7 =


Innate Abilities, Weirdness & Mutations

Your body is rotting away.
You thrive on raw meat.
You are immune to poison.
You have sharp fingernails.
You are carnivorous and can eat meat at any time.
Your flesh is cold resistant.
You are immune to negative energy.
Your system is resistant to poisons.
You heal slowly when monsters are visible.
You are immune to unholy pain and torment.
You can survive without breathing.


Message History

The water moccasin is severely wounded.
The water moccasin bites you.
You miss the water moccasin.
The water moccasin is severely wounded.
The water moccasin bites you but does no damage.
You hit the water moccasin.
The water moccasin is almost dead.
The water moccasin bites you but does no damage.
The water moccasin misses you.
You puncture the water moccasin!
You kill the water moccasin!
Lugonu accepts your kill.
There is a stone staircase leading down here.
Eat one of 5 chunks of flesh? (ye/n/q/i?) This raw flesh tastes great!
Magic restored.
You climb downwards.
A giant gecko comes into view.
There is a stone staircase leading up here.
Attack whom?
Press: ? - help, Dir - move target cursor, f - giant gecko
Aim: a giant gecko You reach to attack!
You completely miss the giant gecko. You hit the giant gecko.
The giant gecko is heavily wounded.
The giant gecko bites you.
You hit the giant gecko.
You kill the giant gecko!
Lugonu accepts your kill.
There is a stone staircase leading up here.
Found a spear.
A kobold comes into view.
The kobold shouts!
A jackal and a kobold come into view.
Saving game... please wait.
Welcome back, glosham the Ghoul Abyssal Knight.
Lugonu says: Spread carnage and corruption!
Press ? for a list of commands and other information.
You don't know any spells.
Are you sure you want to abandon this character and quit the game? (Confirm with "yes".)

h.. ..#K....#
..#.K...# .........
#.......# #......)#
##### #.......#
.##+###...# #.......#
...........###@.####.#
#....................#
#..........#####......
#..........#####......
#.#####........# ###..
#.<......# .
#........# #........#
#........#


You could see 2 kobolds.

Vanquished Creatures
  Maurice (D:8)
  A spriggan (D:7)
  Eustachio (D:5)
  A wyvern (D:8)
  4 yaks (D:8)
  A water moccasin (D:8)
  2 hippogriffs (D:8)
  2 sky beasts (D:6)
  3 orc warriors (D:8)
  An ogre (D:6)
  5 ice beasts
  2 phantoms
  3 centaurs
  3 giant frogs
  3 big kobolds
  A scorpion (D:5)
  5 crimson imps
  3 giant frog zombies (D:7)
  3 hounds
  An orc priest (D:3)
  A jelly (D:6)
  2 quasits
  3 worker ants
  2 orc wizards (D:8)
  8 big kobold zombies (Ossuary)
  A mummy (Ossuary)
  10 gnolls
  9 adders
  3 shadow imps
  3 removed MONS_GIANT_MITEs
  6 worms
  4 giant geckos
  2 oozes
  40 orcs
  5 spectral bats (Ossuary)
  12 bats
  A bat zombie (D:8)
  4 giant cockroaches
  4 gnoll zombies (Ossuary)
  11 goblins
  9 hobgoblins
  A jackal (D:5)
  25 kobolds
  3 quokkas
  A ball python (D:2)
  3 bat simulacra (Ossuary)
  2 giant newts
  2 goblin simulacra (Ossuary)
  2 goblin zombies (Ossuary)
  6 hobgoblin zombies (Ossuary)
  A kobold simulacrum (Ossuary)
  A kobold skeleton (D:5)
  6 kobold zombies (Ossuary)
  3 orc zombies (Ossuary)
  A quokka skeleton (D:6)
  14 rats
  6 rat simulacra (Ossuary)
  A rat zombie (D:5)
  3 spectral goblins (Ossuary)
  3 spectral kobolds (Ossuary)
270 creatures vanquished.

Vanquished Creatures (others)
  An orc (D:8)
  An orc zombie (Ossuary)
2 creatures vanquished.

Grand Total: 272 creatures vanquished

Notes
Turn   | Place    | Note
--------------------------------------------------------------
     0 | Abyss:1  | glosham, the Ghoul Abyssal Knight, began the quest for the Orb.
     0 | Abyss:1  | Reached XP level 1. HP: 19/19 MP: 1/1
    25 | Abyss:1  | Found a corrupted altar of Lugonu.
    96 | Abyss:1  | Found a corrupted altar of Lugonu.
   101 | D:1      | Escaped the Abyss
   170 | D:1      | Reached skill level 2 in Polearms
   266 | D:1      | Reached XP level 2. HP: 26/26 MP: 2/2
   592 | D:1      | Acquired Lugonu's second power
   759 | D:2      | Reached XP level 3. HP: 6/33 MP: 3/3
   840 | D:2      | Reached skill level 4 in Fighting
   915 | D:2      | Found an opulent altar of Gozag.
  1024 | D:2      | Reached XP level 4. HP: 34/41 MP: 4/4
  1425 | D:3      | Reached skill level 5 in Fighting
  1438 | D:3      | Reached XP level 5. HP: 29/47 MP: 5/5
  1868 | D:3      | Reached skill level 6 in Fighting
  1976 | D:3      | Acquired Lugonu's third power
  2116 | D:3      | Reached XP level 6. HP: 44/58 MP: 6/6
  2749 | D:4      | Found Guph's Antique Armour Emporium.
  3222 | D:4      | Bought a bronze ring mail for 234 gold pieces
  3233 | D:4      | Identified the +3 ring mail of Vafasiex {Dex+1 Int+2} (You bought it in a shop on level 4 of the Dungeon)
  3259 | D:5      | Entered Level 5 of the Dungeon
  3503 | D:5      | Reached skill level 3 in Invocations
  3577 | D:5      | Acquired Lugonu's fourth power
  3721 | D:5      | Reached skill level 4 in Invocations
  3721 | D:5      | Reached XP level 7. HP: 40/64 MP: 9/11
  4014 | D:5      | Reached skill level 5 in Invocations
  4049 | D:5      | Found a radiant altar of Vehumet.
  4049 | D:5      | Noticed Eustachio
  4129 | D:5      | Killed Eustachio
  4129 | D:5      | Reached skill level 6 in Invocations
  4395 | D:6      | Reached skill level 3 in Polearms
  4395 | D:6      | Reached XP level 8. HP: 56/70 MP: 16/16
  4403 | D:6      | Found a staircase to the Ecumenical Temple.
  4459 | D:6      | Reached skill level 7 in Invocations
  4576 | Temple   | Entered the Ecumenical Temple
  5004 | D:6      | Reached skill level 4 in Polearms
  5220 | D:5      | Reached skill level 8 in Invocations
  5251 | D:6      | Got a warped scale mail
  5265 | D:6      | Identified the +0 scale mail of Trial and Error {rElec Int+2 SInv} (You found it on level 6 of the Dungeon)
  5662 | D:7      | Found a shadowy altar of Dithmenos.
  5706 | D:7      | Reached skill level 5 in Polearms
  5822 | D:7      | Found a burning altar of Makhleb.
  5862 | D:7      | Reached XP level 9. HP: 67/78 MP: 16/20
  5885 | D:7      | Reached skill level 9 in Invocations
  6032 | D:7      | Acquired Lugonu's fifth power
  6190 | D:7      | Found Dearaewk's Jewellery Emporium.
  6453 | D:4      | Bought a pair of embroidered boots for 117 gold pieces
  6464 | D:4      | Identified a +2 pair of boots of running (You bought it in a shop on level 4 of the Dungeon)
  6672 | D:8      | Reached skill level 6 in Polearms
  6761 | D:8      | Noticed Maurice
  6839 | D:8      | Found a shattered altar of Ashenzari.
  7011 | D:8      | Reached skill level 10 in Invocations
  7022 | D:8      | Reached skill level 7 in Polearms
  7140 | D:8      | Reached XP level 10. HP: 63/84 MP: 13/22
  7180 | D:8      | Found a sand-covered staircase.
  7236 | Ossuary  | Entered an ossuary
  7819 | Ossuary  | Reached skill level 8 in Polearms
  7968 | D:8      | Reached skill level 11 in Invocations
  8283 | D:7      | Found a deep blue altar of Sif Muna.
  8578 | D:8      | Killed Maurice
  8837 | D:9      | Upgraded the game from 0.16-a0-1885-g0f03bb0 to 0.17-a0-1880-gacf7e67
  8837 | D:9      | Quit the game

Vault maps used:
D:1:      minmay_arrival_doors
D:2:      kennysheep_big_flooded_room, lemuel_round_altar, first_bread
D:4:      serial_shops, nicolae_shop_statue_plus
D:5:      lemuel_round_altar, hex_medium, minmay_liquid_box, uniq_eustachio
D:6:      temple_pool_b
D:7:      nicolae_overflow_hidden_temple, kennysheep_little_box, basic_altar,
          serial_shops, shop, the_bakery
D:8:      kennysheep_mini, nicolae_ossuary_entry_plus, hangedman_decor_growths,
          lightli_minifort, uniq_maurice
D:9:      erik_lair_orcish_takeover
Temple:   minmay_temple_curvy_14
Ossuary:  ossuary_zaba_two_paths

Action                   |  1- 3 |  4- 6 |  7- 9 | 10-12 || total
-------------------------+-------+-------+-------+-------++-------
Melee: Spear             |    53 |       |       |       ||    53
       Dagger            |    28 |   362 |   467 |   262 ||  1119
       Trident           |       |       |   116 |   258 ||   374
Throw: Throwing net      |       |       |       |     3 ||     3
  Use: Scroll            |     2 |     9 |     6 |     3 ||    20
       Potion            |       |       |       |     5 ||     5
 Stab: Invisible         |       |       |       |     2 ||     2
       Distracted        |       |       |       |     1 ||     1
  Eat: Chunk             |    13 |    33 |    33 |     9 ||    88

Table legend:
 A = Turns spent in this place as a percentage of turns spent in the entire game.
 B = Non-inter-level travel turns spent in this place as a percentage of non-inter-level travel turns spent in the entire game.
 C = Inter-level travel turns spent in this place as a percentage of turns spent in this place.
 D = Turns resting spent in this place as a percentage of non-inter-level travel turns spent in this place.
 E = Turns spent auto-exploring this place as a percentage of non-inter-level travel turns spent in this place.
 F = Non-inter-level travel turns spent in this place divided by the number of levels of this place that you've seen.
                   A       B       C       D       E      F
               +-------+-------+-------+-------+-------+----------------------
         Total | 100.0 | 100.0 |   0.4 |   0.6 |   0.7 | 518.0
       Dungeon |  89.4 |  89.3 |   0.5 |   0.6 |   0.5 | 617.0
        Temple |   0.4 |   0.5 |   0.0 |   0.0 |  60.7 |  28.0
         Abyss |   1.7 |   1.7 |   0.0 |   0.0 |   0.0 | 103.0
       Ossuary |   8.5 |   8.6 |   0.0 |   0.9 |   0.2 | 532.0
               +-------+-------+-------+-------+-------+----------------------

Table legend:
 A = Kills in this place as a percentage of kills in entire the game.
 B = Kills by you in this place as a percentage of kills by you in the entire game.
 C = Kills by friends in this place as a percentage of kills by friends in the entire game.
 D = Other kills in this place as a percentage of other kills in the entire game.
 E = Experience gained in this place as a percentage of experience gained in the entire game.
 F = Experience gained in this place divided by the number of levels of this place that you have seen.
                   A       B       C       D       E      F
               +-------+-------+-------+-------+-------+----------------------
         Total | 100.0 | 100.0 |  -nan | 100.0 | 100.0 | 570.3
       Dungeon |  80.7 |  80.6 |  -nan | 100.0 |  96.0 | 730.1
       Ossuary |  19.3 |  19.4 |  -nan |   0.0 |   4.0 | 273.0
               +-------+-------+-------+-------+-------+----------------------

Vault maps used:
D:1:      minmay_arrival_doors
D:2:      kennysheep_big_flooded_room, lemuel_round_altar, first_bread
D:4:      serial_shops, nicolae_shop_statue_plus
D:5:      lemuel_round_altar, hex_medium, minmay_liquid_box, uniq_eustachio
D:6:      temple_pool_b
D:7:      nicolae_overflow_hidden_temple, kennysheep_little_box, basic_altar,
          serial_shops, shop, the_bakery
D:8:      kennysheep_mini, nicolae_ossuary_entry_plus, hangedman_decor_growths,
          lightli_minifort, uniq_maurice
D:9:      erik_lair_orcish_takeover
Temple:   minmay_temple_curvy_14
Ossuary:  ossuary_zaba_two_paths
